AoeStats
← blb_00

Arena

510377672Analyzed
1v1 RM · 1d ago on Sep 30, 2026· 53m 37s· 2 players
Game mode
Random Map
Map size
Tiny (2 player)
Population
200
Speed
Normal
Resources
Standard
Victory
Conquest
Starting age
Dark Age
Ending age
Imperial Age
RankedLock teamsTeams togetherTeam positionsShared explorationLock speedFull tech treeHidden civsTurbo modeCheats
Victory
Defeat
🇪🇸 Spanish · Spain
765
+17
🇺🇸 Franks · United States
781
-17
blb_00
0:51 Loom
11:09 Feudal Age
12:56 Wheelbarrow
13:28 Double-Bit Axe
15:16 Horse Collar
19:36 Castle Age
17:47 Stone Mining
18:22 Gold Mining
20:43 Hand Cart
23:12 Stone Shaft Mining
23:17 Bow Saw
23:17 Heavy Plow
27:00 Scale Barding Armor
37:23 Chain Barding Armor
36:54 Fletching
40:22 Imperial Age
39:35 Elite Skirmisher
41:08 Bodkin Arrow
41:14 Padded Archer Armor
45:29 Chemistry
44:46 Bracer
45:22 Plate Barding Armor
47:21 Ballistics
48:33 Pikeman
49:31 Elite Conquistador
50:31 Cavalier
51:22 Bloodlines
51:12 Husbandry
52:39 Forging
52:45 Leather Archer Armor
Santar
7:40 Loom
11:28 Feudal Age
18:37 Castle Age
16:33 Man-at-Arms
17:48 Forging
18:49 Long Swordsman
27:15 Iron Casting
37:00 Light Cavalry
49:32 Imperial Age
47:21 Scale Barding Armor
49:33 Cavalier
51:16 Two-Handed Swordsman
Connection lost

Rejoining the realm…

Still unreachable

The connection could not be restored.

Session expired

The server has moved on; the page needs a fresh start.